 Dungeon Crawl Stone Soup version 0.28-a0-983-g1de4e0787c (webtiles) character file.

Game seed: 2587504548526532426

53 Htamos the Vexing (level 3, 0/16 HPs)
             Began as a Felid Enchanter on Dec 3, 2021.
             Slain by an orc wizard (4 damage)
             ... on level 3 of the Dungeon.
             The game lasted 00:10:24 (4701 turns).

Htamos the Vexing (Felid Enchanter)                 Turns: 4701, Time: 00:10:25

Health: 0/16       AC:  1    Str:  4    XL:     3   Next: 62%
Magic:  2/7        EV: 18    Int: 18    God:
Gold:   118        SH:  0    Dex: 16    Spells: 1/6 levels left
                                        Lives:  0   Deaths: 1

rFire   . . .      SeeInvis +     - Unarmed
rCold   . . .      Faith    .   (shield unavailable)
rNeg    . . .      Spirit   .   (armour unavailable)
rPois   .          Reflect  .   (helmet unavailable)
rElec   .          Harm     .   (cloak unavailable)
rCorr   .          Rampage  .   (gloves unavailable)
Will    .....                   (boots unavailable)
Stlth   +.........              (no amulet)
HPRegen 0.05/turn               (no ring)
MPRegen 0.10/turn               (no ring)

@: confused, quick
A: very small, claws 1, fangs 3, see invisible, speed 1, shaggy fur 1, stealthy
paws, no weapons or thrown items, no armour, multi-lived
a: no special abilities


You were on level 3 of the Dungeon.
You visited 1 branch of the dungeon, and saw 3 of its levels.

You collected 118 gold pieces.

Inventory:

Wands
 b - a wand of charming (1)
Scrolls
 c - a scroll of identify {@rr}
 e - 3 scrolls of magic mapping {unknown}
 g - a scroll of immolation


   Skills:
 * Level 2.0 Fighting
 + Level 3.3 Dodging
 + Level 4.6 Stealth
 + Level 1.7 Unarmed Combat
 + Level 2.3 Spellcasting
 * Level 5.5 Hexes


You had one spell level left.
You knew the following spells:

 Your Spells              Type           Power      Damage    Failure   Level
a - Ensorcelled Hibernat  Hex/Ice        24%        N/A       9%          2
b - Confusing Touch       Hex            21%        N/A       5%          3

Your spell library contained the following spells:

 Spells                   Type           Power      Damage    Failure   Level
 Tukima's Dance           Hex            21%        N/A       5%          3
 Dazzling Flash           Conj/Hex       24%        N/A       17%         3


Dungeon Overview and Level Annotations

Branches:
Dungeon (3/15)

Altars:

Annotations:
D:3 Terence


Innate Abilities, Weirdness & Mutations

You have sharp claws.
You have razor-sharp teeth.
You have supernaturally acute eyesight. (SInv)
You cover ground quickly. (Speed+)
You are covered in fur. (AC +1)
Your paws help you pounce on unaware monsters.
You are incapable of wielding weapons or throwing items.
You cannot wear armour.
You gain extra lives every three experience levels.


Message History

Aiming: Ensorcelled Hibernation (safe; 9% risk of failure)
Press: ? - help, Shift-Dir - straight line, f - orc wizard
Aim: an orc wizard, wielding a +0 dagger and wearing a +2 robe of fire resistance (severely wounded, chance to affect: 43%)
The orc wizard resists with some effort.
Casting: Ensorcelled Hibernation (safe; 9% risk of failure)
Confirm with . or Enter, or press ? or * to list all spells.
Aiming: Ensorcelled Hibernation (safe; 9% risk of failure)
Press: ? - help, Shift-Dir - straight line, f/p - orc wizard
Aim: an orc wizard, wielding a +0 dagger and wearing a +2 robe of fire resistance (severely wounded, chance to affect: 43%)
The orc wizard resists with some effort.
Casting: Ensorcelled Hibernation (safe; 9% risk of failure)
Confirm with . or Enter, or press ? or * to list all spells.
Aiming: Ensorcelled Hibernation (safe; 9% risk of failure)
Press: ? - help, Shift-Dir - straight line, f/p - orc wizard
Aim: an orc wizard, wielding a +0 dagger and wearing a +2 robe of fire resistance (severely wounded, chance to affect: 43%)
The orc wizard resists with some effort.
* * * LOW MAGIC WARNING * * *
The orc wizard barely misses you.
Casting: Ensorcelled Hibernation (safe; 9% risk of failure)
Confirm with . or Enter, or press ? or * to list all spells.
You don't have enough magic to cast this spell.
Unknown command.
You scratch the orc wizard but do no damage.
The orc wizard is severely wounded.
The orc wizard hits you with a +0 dagger.
* * * LOW HITPOINT WARNING * * *
You scratch the orc wizard but do no damage.
Your bite misses the orc wizard.
The orc wizard is severely wounded.
The orc wizard casts a spell at you.
You are confused.
You barely miss the orc wizard. Your bite misses the orc wizard.
The orc wizard is severely wounded.
The orc wizard points at you and mumbles some strange words.
You are more confused.
The orc wizard barely misses you.
You scratch the orc wizard but do no damage.
The orc wizard is severely wounded.
The orc wizard hits you with a +0 dagger.
You die...

#.# ##....# #.#
#..... #.# #..... #.#
#..... #.# #..... #.#
#.....
################.....
#....................
#...@............<...
#...o...............#
#.#############....##
#.# ###..# #.#
#.#)### #†# #......
#o# #.###.. #o#
#.....# #o# #######


You could see an orc wizard.

Vanquished Creatures
  Natasha (D:3)
  4 adders (D:3)
  2 worms
  A dart slug (D:1)
  6 orcs (D:3)
  2 ball pythons
  2 bats
  3 endoplasms
  2 giant cockroaches
  3 goblins
  2 hobgoblins
  3 quokkas
  A frilled lizard (D:2)
  4 kobolds
  3 rats (D:1)
39 creatures vanquished.

Notes
Turn   | Place    | Note
-------+----------+-------------------------------------------
     0 | D:1      | Htamos the Felid Enchanter began the quest for the Orb.
     0 | D:1      | Reached XP level 1. HP: 7/7 MP: 4/4
  1055 | D:1      | Reached XP level 2. HP: 12/12 MP: 6/6
  1060 | D:1      | Learned a level 2 spell: Ensorcelled Hibernation
  1062 | D:1      | Found a faded altar of an unknown god.
  2005 | D:2      | Reached skill level 1 in Fighting
  2302 | D:3      | Reached XP level 3. HP: 15/15 MP: 5/7
  2412 | D:3      | Noticed Natasha
  2450 | D:3      | Reached skill level 5 in Hexes
  3618 | D:3      | Noticed Terence
  3685 | D:3      | Reached XP level 4. HP: 19/19 MP: 2/8
  3961 | D:3      | Learned a level 3 spell: Confusing Touch
  4438 | D:3      | Killed Natasha
  4685 | D:3      | Slain by an orc wizard
  4686 | D:3      | Reached XP level 3. HP: -3/16 MP: 4/7
  4701 | D:3      | Slain by an orc wizard

Illustrated notes

Levels and vault maps discovered:
D:1:      psy_arrival_radial01, layout_basic, ebering_ecumenical_altar_abandoned
D:2:      layout_loops_ring
D:3:      layout_rooms, serial_co_window_serial, co_window_of_opportunity_a,
          co_window_paths_a, co_window_paths_a, co_window_corner_a,
          co_window_of_opportunity_a, co_window_paths_c, co_window_broadway_c,
          co_window_broadway_a, co_window_paths_e, co_window_4corner_a,
          nicolae_wormholes, uniq_terence, uniq_natasha

Skill      XL: |  1  2  3  4 |
---------------+-------------+-----
Fighting       | 1 2 |  2.0
Dodging        | 3 |  3.3
Hexes          | 5 |  5.5
Stealth        | |  4.6
Unarmed Combat | |  1.7
Spellcasting   | |  2.3

Action                   |  1- 3 |  4- 6 || total
-------------------------+-------+-------++-------
Melee: Unarmed           |    99 |    28 ||   127
       Bite              |     7 |     2 ||     9
 Cast: Ensorcelled Hiber |    41 |    26 ||    67
  Use: Potion            |     6 |     1 ||     7
       Scroll            |     5 |       ||     5
 Stab: Sleeping          |    22 |    10 ||    32
       Invisible         |     1 |       ||     1
Armor: Skin              |    17 |     2 ||    19
Dodge: Dodged            |    82 |    19 ||   101

Table legend: (Time is in decaauts)
 A = Elapsed time spent in this place.
 B = Non-inter-level travel time spent in this place.
 C = Inter-level travel time spent in this place.
 D = Time resting spent in this place.
 E = Time spent auto-exploring this place.
 F = Levels seen in this place.
 G = Mean time per level.
                   A        B        C        D        E       F      G
               +--------+--------+--------+--------+--------+-----+--------+
         Total |   4240 |   4220 |     20 |   1039 |   2281 |   3 | 1413.3 |
       Dungeon |   4240 |   4220 |     20 |   1039 |   2281 |   3 | 1413.3 |
               +--------+--------+--------+--------+--------+-----+--------+

Top non-repeatable levels by time:
     D:3: 1849 daAuts
     D:2: 1220 daAuts
     D:1: 1170 daAuts
